 Dungeon Crawl Stone Soup version 0.30-b1-2-g02819fbbbe (webtiles) character file.

Game seed: 17008525628809080105

175 Alarkh the Shooter (level 5, 40/40 HPs)
             Began as a Demonspawn Hexslinger on July 9, 2023.
             Got out of the dungeon alive.
             The game lasted 00:03:53 (2569 turns).

Alarkh the Shooter (Demonspawn Hexslinger)          Turns: 2569, Time: 00:03:53

Health: 40/40      AC:  6    Str: 10    XL:     5   Next: 29%
Magic:  6/6        EV: 12    Int: 17    God:
Gold:   196        SH:  0    Dex: 13    Spells: 2/6 levels left

rFire   . . .        a - +1 sling
rCold   . . .        (no shield)
rNeg    . . .        c - +0 robe
rPois   .            e - +1 helmet
rElec   .            (no cloak)
rCorr   .            r - +0 pair of gloves
SInv    .            q - +0 pair of boots
Will    .....        (no amulet)
Stlth   +            (no ring)
HPRegen 0.26/turn    (no ring)
MPRegen 0.10/turn

%: no passive effects
@: no status effects
A: ignite blood 1, demonic magic 1
a: no special abilities


You escaped.
You visited 1 branch of the dungeon, and saw 4 of its levels.
You also visited: Ossuary.

You collected 196 gold pieces.

Inventory:

Hand Weapons
 a - a +1 sling (weapon)
Armour
 c - a +0 robe (worn)
 e - a +1 helmet (worn)
 q - a +0 pair of boots (worn)
 r - a +0 pair of gloves (worn)
Scrolls
 b - a scroll of poison
 d - 2 scrolls of fog {unknown}
 f - 2 scrolls of noise {unknown}
 g - 2 scrolls of blinking {unknown}
 i - a scroll of torment {unknown}
 j - a scroll of teleportation
 o - 2 scrolls of enchant armour {unknown}
 t - a scroll of brand weapon {unknown}
 v - a scroll of vulnerability {unknown}
Potions
 h - a potion of cancellation
 k - 3 potions of invisibility
 l - a potion of might
 m - a potion of brilliance
 n - a potion of flight
 p - a potion of heal wounds {unknown}
 s - 3 potions of curing {unknown}
 u - a potion of attraction {unknown}


   Skills:
 + Level 2.9 Fighting
 * Level 4.1 Ranged Weapons
 - Level 1.7 Dodging
 + Level 1.1 Spellcasting
 + Level 3.1 Hexes
 + Level 0.4 Fire Magic


You had 2 spell levels left.
You knew the following spells:

 Your Spells              Type           Power      Damage    Failure   Level
a - Inner Flame           Hex/Fire       6%         N/A       30%         3
b - Slow                  Hex            44%        N/A       6%          1

Your spell library contained the following spells:

 Spells                   Type           Power      Damage    Failure   Level
 Magic Dart               Conj           0%         1d3       22%         1
 Blink                    Tloc           0%         N/A       32%         2
 Call Imp                 Summ           0%         N/A       32%         2
 Lesser Beckoning         Tloc           0%         N/A       32%         2
 Momentum Strike          Conj/Tloc      0%         3d8       32%         2
 Portal Projectile        Hex/Tloc       12%        N/A       32%         3
 Cause Fear               Hex            5%         N/A       52%         4
 Mephitic Cloud           Conj/Pois/Air  0%         N/A       54%         3


Dungeon Overview and Level Annotations

Branches:
Dungeon (4/15)            Ossuary (visited)
 Temple: D:4-7

Altars:
Ashenzari
Yredelemnul

Annotations:
D:4 3 runed translucent doors, BerneyBell's ghost, amateur MiFi


Innate Abilities, Weirdness & Mutations

Your demonic aura sometimes causes spilled blood to erupt in flames.
Spells you cast may paralyse adjacent enemies.


Message History

You see here the +2 helmet of Indomitability {Str+3}.
(D) Dungeon
Where to? (Enter - D:1, ? - help)
There is an open door here.
An endoplasm comes into view.
You shoot a sling bullet.
The sling bullet completely misses the endoplasm.
The endoplasm quivers.
You shoot a sling bullet. The sling bullet hits the endoplasm.
The endoplasm is lightly wounded.
You shoot a sling bullet. The sling bullet hits the endoplasm.
The endoplasm is almost dead.
The endoplasm freezes you.
You are frozen.
The endoplasm freezes you.
You are frozen.
You shoot a sling bullet.
The sling bullet barely misses the endoplasm.
The endoplasm hits you but does no damage.
You shoot a sling bullet. The sling bullet hits the endoplasm.
You kill the endoplasm!
No target in view!
No target in view!
(D) Dungeon
Where to? (Enter - D:1, ? - help)
There is a stone staircase leading up here.
You climb upwards.
There is a stone staircase leading down here.
HP restored.
There is a stone staircase leading up here.
You climb upwards.
There is a stone staircase leading down here.
There is a stone staircase leading up here.
You climb upwards.
There is a stone staircase leading down here.
You can't go up here!
There is an open door here.
There is a staircase leading out of the dungeon here.
Are you sure you want to leave the Dungeon?
This will make you lose the game!
You have escaped!

......# #...# #.# #.# ......#
###...### #.# #.# ......#
#.......# ##.####.#
......####.......#####.......#
...##.#.............#..#######
...##.#......⌠......'.##
......#.............###
......####.......#### ......#
#......@# ......# ###...###
......# #...# ......# #...#
.####.#######'#############
.#..........#.###.........#
..........................#
#.........................#
.......#........>.........#


There were no monsters in sight!

Vanquished Creatures
  An orc priest (D:4)
  6 adders
  A worm (D:3)
  3 dart slugs
  3 orcs (D:4)
  8 endoplasms
  A giant cockroach (D:1)
  4 goblins
  2 hobgoblins (D:1)
  8 kobolds
  4 quokkas
  3 ball pythons
  6 bats
  6 frilled lizards
  2 hobgoblin zombies (Ossuary)
  10 kobold zombies (Ossuary)
  8 orc zombies (Ossuary)
  6 rats
82 creatures vanquished.

Notes
Turn   | Place    | Note
-------+----------+-------------------------------------------
     0 | D:1      | Alarkh the Demonspawn Hexslinger began the quest for the
                  | Orb.
     0 | D:1      | Reached XP level 1. HP: 15/15 MP: 2/2
   101 | D:1      | Reached skill level 2 in Ranged Weapons
   151 | D:1      | Gained mutation: Your demonic aura sometimes causes spilled
                  | blood to erupt in flames. [demonic ancestry]
   151 | D:1      | Reached XP level 2. HP: 21/21 MP: 3/3
   551 | D:2      | Reached XP level 3. HP: 27/27 MP: 4/4
   636 | D:2      | Reached skill level 3 in Ranged Weapons
   695 | D:2      | Found a basalt altar of Yredelemnul.
  1210 | D:3      | Reached XP level 4. HP: 33/33 MP: 5/5
  1227 | D:3      | Found a broken altar of Ashenzari.
  1501 | D:3      | Learned a level 3 spell: Inner Flame
  1966 | D:3      | Found a faded altar of an unknown god.
  2045 | D:4      | Identified the +2 helmet of Indomitability {Str+3}
  2110 | D:4      | Found a runed translucent gate.
  2110 | D:4      | Found a runed translucent gate.
  2110 | D:4      | Found a runed translucent gate.
  2110 | D:4      | Noticed BerneyBell's ghost (amateur MiFi)
  2246 | D:4      | Found a sand-covered staircase.
  2251 | Ossuary  | Entered an ossuary
  2316 | Ossuary  | Reached skill level 4 in Ranged Weapons
  2356 | Ossuary  | Gained mutation: Spells you cast may paralyse adjacent
                  | enemies. [demonic ancestry]
  2356 | Ossuary  | Reached XP level 5. HP: 39/39 MP: 6/6
  2569 | D:$      | Got out of the dungeon alive.

Illustrated notes

Levels and vault maps discovered:
D:1:      minmay_arrival_cross, layout_basic, minmay_tromino_mix6
D:2:      layout_basic, basic_altar, minmay_misc_feat_doors
D:3:      layout_basic, evilmike_ruin_ashenzari,
          shapermc_ecumenical_altar_mp_vishouse
D:4:      layout_basic, kennysheep_mini_moat, elyvilon_altar_1,
          minmay_temple_entry_from_below_a, ebering_ghost_rock_garden,
          nicolae_ossuary_entry_false_entrances

Skill      XL: |  1  2  3  4 |
---------------+-------------+-----
Ranged Weapons | 2 3 4 |  4.1
Fighting       | 2 |  2.9
Dodging        | |  1.7
Spellcasting   | |  1.1
Hexes          | |  3.1
Fire Magic     | |  0.4

Action                     |  1- 3 |  4- 6 || total
---------------------------+-------+-------++-------
   Fire: Sling             |   139 |   155 ||   294
    Use: Scroll            |     6 |       ||     6
 Armour: Robe              |    24 |    30 ||    54
  Dodge: Dodged            |    60 |    50 ||   110
